 Dungeon Crawl Stone Soup version 0.27-a0-1548-gf8a67e7463 (webtiles) character file.

Game seed: 2461523307592343071

658789 Drazool the Sorcerer (level 27, -56/223 HPs)
             Began as a Djinni Venom Mage on July 13, 2021.
             Was an Elder of Ashenzari.
             Blown up by Nenig's ghost (58 damage)
             ... with a wavering orb of destruction
             ... on level 21 of a ziggurat on July 14, 2021.
             The game lasted 05:18:26 (53975 turns).

Drazool the Sorcerer (Djinni Venom Mage)           Turns: 53975, Time: 05:18:27

Health: -56/223    AC: 39    Str: 17    XL:     27
Gold:   3776       EV:  7    Int: 40    God:    Ashenzari [****..] SH:  0 Dex: 10

rFire    + + +     SeeInvis +   c - +6 Majin-Bo {vamp, MP+6 Int+6}
rCold    + . .     Faith    .   (shield currently unavailable)
rNeg     + . .     Spirit   .   C - +9 scales of the Dragon King {rPois rF+ rC+ Will+}
rPois    ∞         Reflect  .   H - +0 helmet of the Wild Blue Yonder {+Inv Regen+ Str+2 Int-3, Self, Melee} (curse)
rElec    +         Harm     .   R - scarf "Omniscient Burden" {rC+ rF+, Self, Evo} (curse)
rCorr    +         Rampage  .   W - +3 pair of gloves "Free Will of Ashenzari" {Slay+2 SInv, Self, Evo} (curse)
Will     +++..     Clarity  +   (boots unavailable)
Stlth    ..........             g - amulet "Stars of the Cosmos" {Regen+, Melee, Cun} (curse)
HPRegen  2.47/turn              u - ring of Ashenzari's Stars {Contam rN+ rCorr Int+6 Stlth+, Evo, Self} (curse)
MPRegen  0.00/turn              X - ring "At What Cost Knowledge?" {Wiz rElec rPois Int+8 Dex-5, Melee, Cun} (curse)

@: unable to drink, flying, studying 3 skills
A: no potions, sickness immunity, fire resistance 2, cold vulnerability 1,
float, innate caster, hp casting, extra vitality 1, clarity, sense surroundings
1, strong 1
}: 3/15 runes: decaying, serpentine, silver
a: Renounce Religion, Evoke Invisibility, Curse Item, Shatter the Chains


You were on level 21 of a ziggurat.
You worshipped Ashenzari.
Ashenzari was greatly pleased with you.
You visited 8 branches of the dungeon, and saw 42 of its levels.
You visited the Abyss 1 time.
You visited 2 bazaars.
You visited 1 ziggurat, and saw 21 of its levels.
You also visited: Trove, Sewer, Ice Cave and Wizlab.

You collected 11394 gold pieces.
You spent 7618 gold pieces at shops.


Innate Abilities, Weirdness & Mutations

You cannot drink.
You are immune to sickness and miasma.
You are immune to poison.
Your flesh is very heat resistant. (rF++)
You are vulnerable to cold. (rC-)
You float through the air rather than walking.
You learn spells naturally, not from books.
Your magical power is your life essence.
You have superior vitality. (+4 HP)
You possess an exceptional clarity of mind.
You passively map a small area around you.
Your muscles are strong. (Str +2)


   Skills:
 + Level 21.5(25.8) Fighting
 - Level 12.1(16.8) Axes
 - Level 8.2(15.3) Maces & Flails
 - Level 9.6(14.8) Staves
 - Level 20.6 Armour
 - Level 11.3(14.4) Dodging
 - Level 1.5(3.9) Stealth
 - Level 4.0 Shields
 - Level 23.6(27) Spellcasting
 - Level 14.8(18.8) Evocations


You had one spell level left.
You knew the following spells:

 Your Spells              Type           Power      Damage    Failure   Level
b - Beastly Appendage     Tmut           100%       N/A       0%          1
c - Ozocubu's Refrigerat  Ice            66%        4d18      1%          7
e - Ensorcelled Hibernat  Hex/Ice        100%       N/A       0%          2
h - Summon Hydra          Summ           66%        N/A       1%          7
i - Ignite Poison         Fire/Tmut/Pois 100%       N/A       0%          3
m - Mephitic Cloud        Conj/Pois/Air  100%       N/A       0%          3
n - Ignition              Fire           66%        3d18      1%          8
o - Olgreb's Toxic Radia  Pois           100%       N/A       0%          4
p - Poisonous Vapours     Pois/Air       100%       N/A       0%          2
t - Bolt of Magma         Conj/Fire/Erth 66%        4d26      0%          5
u - Passage of Golubria   Tloc           N/A        N/A       0%          4
y - Sticky Flame          Conj/Fire      100%       2d11      0%          4
z - Sting                 Tmut/Pois      100%       1d8       0%          1
S - Shatter               Erth           66%        3d49*     8%          9
X - Conjure Ball Lightni  Conj/Air       66%        3x3d25    1%          6
Y - Eringya's Noxious Bo  Tmut/Pois      66%        N/A       1%          6
Z - Storm Form            Tmut/Air       66%        N/A       1%          7
Your spell library was empty.

Inventory:

Hand Weapons
 c - the +6 Majin-Bo (weapon) {vamp, MP+6 Int+6}
   (You took it off a Hellbinder in a wizard's laboratory)

   It inflicts no extra harm, but heals its wielder when it wounds a living foe.
   Int:       It affects your intelligence (+6).
   MP:        It affects your magic capacity (+6).
 l - the +10 dark maul {vorpal}
   (You found it on level 13 of a ziggurat)

   It inflicts extra damage upon your enemies.
 G - the +5 lajatang "Eviscerator" {vamp, rC++ Dex+5}
   (You found it on level 6 of the Lair of Beasts)

   It inflicts no extra harm, but heals its wielder when it wounds a living foe.
   Dex:       It affects your dexterity (+5).
   rC:        It greatly protects you from cold.
 U - a +9 vampiric broad axe
Armour
 n - a +10 plate armour of willpower
 C - the +9 scales of the Dragon King (worn) {rPois rF+ rC+ Will+}
   (You found it on level 12 of a ziggurat)

   rF:        It protects you from fire.
   rC:        It protects you from cold.
   rPois:     It protects you from poison.
   Will:      It increases your willpower.
 H - the cursed +0 helmet of the Wild Blue Yonder (worn) {+Inv Regen+ Str+2 Int-3, Self, Melee}
   (You found it on level 2 of the Vaults)

   Str:       It affects your strength (+2).
   Int:       It affects your intelligence (-3).
   +Inv:      It lets you turn invisible.
   Regen:     It increases your rate of health regeneration.
   It has a curse which improves the following skills: Introspection: Fighting
   and Spellcasting.
   Melee Combat: Short Blades, Long Blades, Axes, Maces & Flails, Polearms,
   Staves and Unarmed Combat.
 R - the cursed scarf "Omniscient Burden" (worn) {rC+ rF+, Self, Evo}
   (You found it on level 5 of the Dungeon)

   It has a curse which improves the following skills: Introspection: Fighting
   and Spellcasting.
   Evocations: Evocations.
 W - the cursed +3 pair of gloves "Free Will of Ashenzari" (worn) {Slay+2 SInv, Self, Evo}
   (You found it in an ice cave)

   Slay:      It affects your accuracy & damage with ranged weapons and melee
   (+2).
   SInv:      It lets you see invisible.
   It has a curse which improves the following skills: Introspection: Fighting
   and Spellcasting.
   Evocations: Evocations.
Magical Staves
 a - a staff of cold {!a}
 b - a staff of fire {!a}
Jewellery
 g - the cursed amulet "Stars of the Cosmos" (around neck) {Regen+, Melee, Cun}
   (You bought it in a shop in a bazaar)

   [amulet of regeneration]

   Regen:     It increases your rate of health regeneration.
   It has a curse which improves the following skills: Melee Combat: Short
   Blades, Long Blades, Axes, Maces & Flails, Polearms, Staves and Unarmed
   Combat.
   Cunning:   Dodging and Stealth.
 t - the ring "Ebyuth" {Int+6 SInv}
   (You found it in a wizard's laboratory)

   [ring of intelligence]

   Int:       It affects your intelligence (+6).
   SInv:      It lets you see invisible.
 u - the cursed ring of Ashenzari's Stars (left hand) {Contam rN+ rCorr Int+6 Stlth+, Evo, Self}
   (You found it in an ice cave)

   [ring of positive energy]

   Int:       It affects your intelligence (+6).
   rN:        It protects you from negative energy.
   Contam:    It causes magical contamination when unequipped.
   rCorr:     It protects you from acid and corrosion.
   Stlth:     It makes you more stealthy.
   It has a curse which improves the following skills: Evocations: Evocations.
   Introspection: Fighting and Spellcasting.
 J - the ring of Kevach {rPois rN+}
   (You found it on level 2 of a ziggurat)

   [ring of poison resistance]

   rPois:     It protects you from poison.
   rN:        It protects you from negative energy.
 N - the ring "Ibed Voet" {rF+ rCorr Dex+6}
   (You found it on level 7 of a ziggurat)

   [ring of dexterity]

   Dex:       It affects your dexterity (+6).
   rF:        It protects you from fire.
   rCorr:     It protects you from acid and corrosion.
 X - the cursed ring "At What Cost Knowledge?" (right hand) {Wiz rElec rPois Int+8 Dex-5, Melee, Cun}
   (You bought it in a shop in a bazaar)

   [ring of wizardry]

   It improves your spell success rate.
   Int:       It affects your intelligence (+8).
   Dex:       It affects your dexterity (-5).
   rElec:     It insulates you from electricity.
   rPois:     It protects you from poison.
   It has a curse which improves the following skills: Melee Combat: Short
   Blades, Long Blades, Axes, Maces & Flails, Polearms, Staves and Unarmed
   Combat.
   Cunning:   Dodging and Stealth.
Wands
 k - a wand of flame (147)
 p - a wand of iceblast (50)
 s - a wand of paralysis (24)
 y - a wand of polymorph (24)
 B - a wand of acid (13)
 E - a wand of charming (6)
 F - a wand of digging (11)
 V - a wand of mindburst (21)
Scrolls
 d - 23 scrolls of teleportation {@r4}
 e - 3 scrolls of summoning
 j - 16 scrolls of magic mapping
 v - 8 scrolls of vulnerability
 x - 11 scrolls of blinking
 M - 6 scrolls of enchant weapon
 O - 4 scrolls of brand weapon
 P - 14 scrolls of fog
 Y - 5 scrolls of fear
Potions
 f - 6 potions of ambrosia
 h - 7 potions of haste {@q3}
 i - 7 potions of invisibility
 m - 5 potions of might
 o - 10 potions of brilliance
 w - 22 potions of curing {@q1}
 z - 19 potions of heal wounds {@q2}
 D - a potion of experience
 I - 7 potions of mutation
 T - 3 potions of resistance
Miscellaneous
 r - a phial of floods
 A - a condenser vane
 K - a phantom mirror
 L - a lightning rod (4/4)
 Q - a box of beasts

Dungeon Overview and Level Annotations

Branches:
Dungeon (15/15)            Temple (1/1) D:5            Lair (6/6) D:10
  Swamp (4/4) Lair:4        Snake (4/4) Lair:2        Slime (0/5) Lair:6
    Orc (2/2) D:12            Elf (0/3) Orc:2        Vaults (5/5) D:14
  Crypt (0/3) Vaults:2     Depths (5/5) D:15            Zot (0/5) Depths:5
  Sewer (visited)           IceCv (visited)          WizLab (visited)

Altars:
Ashenzari
Fedhas
Gozag
Hepliaklqana
Makhleb
Nemelex Xobeh
Okawaru
Ru
Sif Muna
Uskayaw
Vehumet
Zin
Jiyva

Shops:
D:6 *   D:7 *   D:8 :   Orc:2 *([!   Snake:1 [   Snake:2 **=   Snake:3 *
Vaults:1 ?   Vaults:2 [   Vaults:3 [   Vaults:4 :   Vaults:5 =[(!!
Depths:4 ?!   Depths:5 :=:

Portals:
Hell: Depths:1 Depths:2 Depths:3 Depths:4 Depths:5
Abyss: Depths:1 Depths:4
Pandemonium: Depths:1 Depths:2 Depths:3

Annotations:
D:3 1 runed translucent door, Crazy Yiuf
D:4 2 transporters
D:12 3 runed translucent doors, Synwij's ghost, journeyman DsFi
Depths:4 1 runed translucent door
Zig:21 Fugi's ghost, legendary FoFi; Gucom's ghost, veteran GnFi; Nenig's ghost, legendary GnFi; Vuopse's ghost, legendary GnIE; scarywalker64's ghost, legendary GrEE

█.................... ,
█.......)............,
█...........§W○...... ,,
██...........W.z...W..
█..∩..........○.......,
██........Wz.zW....W.. ,
█......V.W..........., ,
█......WW............ ,,
█......@.............W,,
██.......W.........W..,,
██.....#WW.#.........
█................... ,
██....#.#.#.......z.
███................
██.#.#.#.........
███.....§.......,
████..........,


You could see 2 curse toes, 2 eidola, a jiangshi (summoned), a curse skull, 2
phantasmal warriors, a wraith (summoned), a shadow (summoned), Fugi's ghost,
Gucom's ghost, Nenig's ghost and scarywalker64's ghost.


Message History

Fugi's ghost is severely damaged.
The fireball engulfs scarywalker64's ghost but does no damage.
Scarywalker64's ghost is lightly damaged.
The fireball engulfs scarywalker64's ghost but does no damage.
Scarywalker64's ghost is lightly damaged.
The fireball engulfs scarywalker64's ghost but does no damage.
Scarywalker64's ghost is lightly damaged.
The fireball engulfs Fugi's ghost.
Fugi's ghost is severely damaged.
The fireball engulfs Gucom's ghost.
Gucom's ghost is lightly damaged.
* * * LOW HITPOINT WARNING * * *
A phantasmal warrior comes into view.
Unknown command.
Blink to where?
Press: ? - help, Dir - move target 2 eidola, 2 curse toes and a player ghost come into view.
As you read the scroll of blinking, it crumbles to dust.
The eidolon gives a chilling moan.
Vuopse's ghost turns its malevolent gaze towards you.
The curse toe gives a chilling moan. x2
The curse skull rattles its jaw.
Gucom's ghost gestures at you while chanting.
The iron shot hits you!!!
* * * LOW HITPOINT WARNING * * *
Vuopse's ghost mumbles some strange words.
Vuopse's ghost blinks!
Nenig's ghost conjures a glowing orb.
The wavering orb of destruction weakly hits you!!!
You die...

Skill      XL: |  1  2  3  4  5  6  7  8  9 10 11 12 13 14 15 16 17 18 19 20 21 22 23 24 25 26 27 |
---------------+----------------------------------------------------------------------------------+-----
Spellcasting   | 3 5 6 7 8 9 11 12 15 16 18 19 20 23 | 23.6
Fighting       | 4 6 8 9 10 12 13 15 18 21 | 21.5
Shields        | 3 4 |  4.0
Maces & Flails | 4 5 8 |  8.2
Evocations     | 1 4 14 | 14.8
Armour         | 5 10 12 13 15 16 17 20 | 20.6
Dodging        | 6 11 | 11.3
Staves         | 4 5 6 9 |  9.6
Axes           | 1 8 12 | 12.1
Stealth        | |  1.5

Action                   |  1- 3 |  4- 6 |  7- 9 | 10-12 | 13-15 | 16-18 | 19-21 | 22-24 | 25-27 || total
-------------------------+-------+-------+-------+-------+-------+-------+-------+-------+-------++-------
Melee: Dagger            |    10 |       |       |       |       |       |       |       |       ||    10
       Unarmed           |     1 |       |       |       |       |       |       |     1 |       ||     2
       Flail             |       |     4 |    19 |     1 |       |       |       |       |       ||    24
       Mace              |       |       |       |    63 |       |       |       |       |       ||    63
       Staff             |       |       |       |     3 |    23 |    10 |       |       |       ||    36
       Broad axe         |       |       |       |       |     4 |    30 |       |       |       ||    34
       Lajatang          |       |       |       |       |       |    48 |   138 |    26 |       ||   212
       Quarterstaff      |       |       |       |       |       |       |       |     2 |     2 ||     4
 Cast: Sting             |    46 |    40 |    15 |       |       |       |       |       |       ||   101
       Poisonous Vapours |    20 |    20 |    89 |   101 |    31 |    57 |     7 |     2 |     6 ||   333
       Mephitic Cloud    |     1 |     4 |    39 |    64 |    27 |    74 |     6 |     5 |     5 ||   225
       Ignite Poison     |       |       |    71 |    75 |    58 |   103 |     6 |     8 |     3 ||   324
       Olgreb's Toxic Ra |       |       |       |    24 |    40 |    58 |    10 |     1 |       ||   133
       Ensorcelled Hiber |       |       |       |     2 |     1 |       |     1 |       |       ||     4
       Sticky Flame      |       |       |       |     2 |       |       |       |       |       ||     2
       Bolt of Magma     |       |       |       |       |    90 |   231 |    86 |    76 |   189 ||   672
       Passage of Golubr |       |       |       |       |     3 |    12 |     1 |     4 |     2 ||    22
       Beastly Appendage |       |       |       |       |     1 |       |       |       |       ||     1
       Eringya's Noxious |       |       |       |       |       |     6 |     3 |     4 |       ||    13
       Conjure Ball Ligh |       |       |       |       |       |     4 |     1 |       |       ||     5
       Ozocubu's Refrige |       |       |       |       |       |       |   263 |   427 |   284 ||   974
       Summon Hydra      |       |       |       |       |       |       |     4 |     9 |    31 ||    44
       Storm Form        |       |       |       |       |       |       |       |     1 |       ||     1
       Ignition          |       |       |       |       |       |       |       |       |   175 ||   175
       Shatter           |       |       |       |       |       |       |       |       |    68 ||    68
Invok: Curse Item        |       |       |     2 |     1 |     1 |     2 |     3 |     1 |       ||    10
       Shatter the Chain |       |       |       |       |       |     2 |       |     1 |     1 ||     4
 Abil: End Transformatio |       |       |       |       |     1 |       |       |     1 |       ||     2
       Blinkbolt         |       |       |       |       |       |       |       |     2 |       ||     2
Evoke: Wand              |       |     5 |       |     1 |     1 |    13 |       |     1 |       ||    21
       Box of beasts     |       |       |       |       |     1 |     1 |       |     1 |       ||     3
  Use: Scroll            |       |       |       |     9 |     1 |     4 |     4 |     7 |    26 ||    51
       Potion            |       |       |       |     1 |     1 |     7 |       |     4 |    13 ||    26
 Stab: Confused          |       |       |       |       |       |     1 |       |       |       ||     1
Armor: Robe              |     1 |     1 |    20 |    18 |       |       |       |       |       ||    40
       Troll leather arm |       |       |       |    23 |    19 |     4 |       |       |       ||    46
       Plate armour      |       |       |       |       |       |   124 |   151 |    56 |   125 ||   456
       Gold dragon scale |       |       |       |       |       |       |       |       |    20 ||    20
       Chain mail        |       |       |       |       |       |       |       |       |     1 ||     1
Dodge: Dodged            |    18 |     3 |    25 |    51 |    39 |    62 |    78 |    46 |    95 ||   417
Block: Buckler           |       |       |     9 |    18 |    11 |    30 |       |       |       ||    68

Levels and vault maps discovered:
D:1:      psy_arrival_radial02, layout_loops_ring, minmay_misc_feat_roman,
          item_on_display_b
D:2:      layout_basic, uniq_terence
D:3:      layout_basic, lemuel_tele_altar, mainiacjoe_overflow_boulevard,
          hellmonk_ecumenical_altar_inner_sanctum, minivault_25, uniq_sigmund,
          uniq_crazy_yiuf_cottage, uniq_grinder
D:4:      gammafunk_cloud_chamber, layout_layer_cave, grunt_tough_drop,
          uniq_edmund, uniq_ijyb, uniq_natasha
D:5:      layout_basic, mainiacjoe_overflow_cross_hatched, nemelex_altar_shiori,
          minmay_temple_entry_wispy, gup_sewer_entry_glass
D:6:      layout_basic, zin_purify, mainiacjoe_overflow_catwalk, uniq_menkaure
D:7:      layout_cave_pods, chequers_serial_rivers_micro_e,
          nicolae_shop_clearance
D:8:      layout_layer_cave, serial_shops, shop_fountains, blue_anna_alchemist,
          uniq_grum
D:9:      layout_basic, fedhas_altar_1
D:10:     layout_stronghold, lair_entry_dummy
D:11:     layout_irregular_city
D:12:     layout_basic, hiddenorc1_lemuel, serial_shops, bzr_entry_gold,
          gammafunk_ghost_necromancy, chequers_serial_rivers_micro_a
D:13:     layout_loops_corners, uniq_rupert, uniq_maurice
D:14:     hangedman_screamer, layout_loops_corners, erik_vaults_1,
          minmay_misc_feat_four_crosses, uniq_louise, uniq_frances, uniq_agnes
D:15:     hangedman_depths_entry_civil_slaughter, layout_loops_ring,
          portal_ice_cave_entry_ugly_swarm, minmay_misc_feat_pillars,
          grunt_ministairs_2, minmay_hedge_maze, minmay_circle_x,
          uniq_josephine, uniq_azrael
Temple:   regret_index_temple_generic_petals
Lair:1:   wander_river, layout_gridlike, lemuel_fruit_fields
Lair:2:   layout_misc_corridors, guppyfry_snake_entry_island,
          chequers_serial_rivers_room_b, uniq_maggie, uniq_gastronok,
          uniq_harold
Lair:3:   layout_loops_ring
Lair:4:   layout_regular_city, minmay_swamp_entry_reptiles, uniq_kirke
Lair:5:   layout_gridlike
Lair:6:   due_jungle_book, layout_regular_city, slime_altar_1,
          gammafunk_ghost_hydra_chop, serial_bayou_pond_e, nzn_sisyphean_effort,
          grunt_megastairs_2
Swamp:1:  layout_basic_swamp, nicolae_swamp_trees_clearing, swamp_pool5,
          infiniplex_staircase_pool, uniq_roxanne
Swamp:2:  layout_falls_marsh, nicolae_swamp_bean_lake
Swamp:3:  layout_basic_swamp, evilmike_swamp_ruin_house_5, swamp_pool2,
          uniq_nikola, uniq_bai_suzhen
Swamp:4:  swamp_alternative, layout_basic_swamp, swamp_pool1
Snake:1:  layout_rooms, serial_shops, shop, grunt_ministairs_1,
          nicolae_snake_linked_coils, nicolae_snake_shapes, serial_bayou_shore_a
Snake:2:  layout_layer_cave, serial_shops, bzr_entry_customers,
          nicolae_shop_statue_plus, shop_statue, nicolae_shop_stone,
          grunt_megastairs_1
Snake:3:  layout_rooms, drop_trap, minmay_shop_mayhem, uniq_mara
Snake:4:  hellmonk_snake_rune_quicksilver_temple, layout_cave_town, basic_altar,
          grunt_ministairs_10, fake_guardian_serpent_vault
Orc:1:    layout_caves
Orc:2:    st_orc_elflike, layout_caves, gammafunk_ghost_fury_of_okawaru
Vaults:1: gammafunk_vaults_ghost_split, ontoclasm_vaults_decontamination,
          vaults_room_semicircle, hangedman_vaults_stream,
          ontoclasm_vaults_idyll, hangedman_vaults_hat,
          vaults_room_grunt_arrival_ludios, layout_vaults_omnigrid,
          serial_shops, shop_scrolls, uniq_asterion
Vaults:2: nicolae_vaults_three_branches, nicolae_vaults_little_squares_5,
          minmay_crypt_entry_simple_statues, vaults_dpeg_hooks,
          vaults_standard_mumra_x, nicolae_vaults_sealed_display,
          gammafunk_the_bubble [the_bubble_gammafunk_crates],
          hangedman_vaults_trim, v_alt_pattern_5, vaults_mumra_chevron,
          vaults_dpeg_encased_lava, v_misc_9, layout_vaults_omnibox,
          serial_shops, nicolae_diamond_shop
Vaults:3: ontoclasm_vaults_tryst, vaults_room_fancy_cross, vaults_room_grid,
          v_misc_33, v_misc_24, vaults_mumra_chevron_long, vaults_room_octagon,
          nicolae_vaults_little_squares_3, st_more_cells,
          hangedman_vaults_cutoff, vaults_room_fours,
          nicolae_vaults_mini_display_case, layout_vaults_omnicross,
          serial_shops, shop, nicolae_trove_entry_path_of_doom, uniq_margery,
          uniq_saint_roka
Vaults:4: nicolae_vaults_stairing_the_circle, hangedman_vaults_unwind,
          v_misc_16, v_misc_30, ontoclasm_vaults_pinch, vaults_room_pool,
          layout_vaults_chaotic_city, serial_shops, shop,
          infiniplex_enter_wizlab_glasses, uniq_sojobo
Vaults:5
Depths:1: layout_cave_shapes, abyss_entry_glasseish, rand_demon_pan_entry_7,
          hell_entry, nicolae_uskayaw_dance_hall
Depths:2: minmay_curly_fans, layout_gridlike, ziggurat_fallback,
          rand_demon_pan_entry_4, minmay_stone_trees_small, hell_entry,
          infiniplex_staircase_zigzag_3, serial_bayou_shore_b
Depths:3: minmay_tile_spiral, layout_cave_pools, pan_entry, basic_altar,
          hell_entry, infiniplex_staircase_pool_2
Depths:4: minmay_gate_of_8, layout_basic, minmay_room_of_horrors,
          serial_corexii_hall, corexii_hall_statues_t,
          corexii_hall_statues_deadend, hell_entry, minmay_shoptagon,
          infiniplex_staircase_pillars_1
Depths:5: evilmike_zot_entry_gauntlet, layout_basic, hell_entry,
          ebering_dispersal_statue_hall, minmay_shop_grove
Zig:21

Notes
Turn   | Place    | Note
-------+----------+-------------------------------------------
     0 | D:1      | Drazool the Djinni Venom Mage began the quest for the Orb.
     0 | D:1      | Reached XP level 1. HP: 15/15 MP: 0/0
   398 | D:1      | Reached XP level 2. HP: 20/21 MP: 0/0
   687 | D:1      | Reached skill level 3 in Spellcasting
   955 | D:1      | Reached XP level 3. HP: 22/25 MP: 0/0
   955 | D:1      | Learned a level 1 spell: Beastly Appendage
  2170 | D:2      | Noticed Terence
  2176 | D:2      | Killed Terence
  2177 | D:2      | Reached XP level 4. HP: 23/31 MP: 0/0
  2950 | D:3      | Noticed Sigmund
  2977 | D:3      | Killed Sigmund
  2978 | D:3      | Reached skill level 5 in Spellcasting
  2978 | D:3      | Reached XP level 5. HP: 25/35 MP: 0/0
  2978 | D:3      | Learned a level 2 spell: Ensorcelled Hibernation
  2978 | D:3      | Reached XP level 6. HP: 29/40 MP: 0/0
  3352 | D:3      | Found a faded altar of an unknown god.
  3643 | D:3      | Noticed Grinder
  3670 | D:3      | Killed Grinder
  3671 | D:3      | Reached skill level 6 in Spellcasting
  3671 | D:3      | Reached XP level 7. HP: 17/45 MP: 0/0
  3671 | D:3      | Learned a level 3 spell: Ignite Poison
  4070 | D:3      | Found a hazy altar of Hepliaklqana.
  4244 | D:3      | Found a runed translucent door.
  4245 | D:3      | Noticed Crazy Yiuf
  4345 | D:4      | Noticed Natasha
  4348 | D:4      | Killed Natasha
  4936 | D:4      | Reached XP level 8. HP: 43/50 MP: 0/0
  4980 | D:4      | Noticed Natasha
  5006 | D:4      | Noticed Edmund
  5010 | D:4      | Killed Edmund
  5011 | D:4      | Reached skill level 7 in Spellcasting
  5011 | D:4      | Reached skill level 2 in Fighting
  5216 | D:4      | Killed Natasha
  5275 | D:4      | Found a transporter.
  5311 | D:4      | Noticed Natasha
  5315 | D:4      | Killed Natasha
  5401 | D:4      | Noticed Ijyb
  5404 | D:4      | Killed Ijyb
  5405 | D:4      | Reached skill level 1 in Shields
  5663 | D:4      | Found a transporter.
  6402 | D:5      | Entered Level 5 of the Dungeon
  6523 | D:5      | Found a sparkling altar of Nemelex Xobeh.
  6556 | D:5      | Reached skill level 3 in Fighting
  6556 | D:5      | Reached skill level 2 in Shields
  6577 | D:5      | Identified a scarf of resistance
  6672 | D:5      | Found a glowing drain.
  6707 | Sewer    | Entered a sewer
  7628 | Sewer    | Reached skill level 3 in Shields
  7697 | Sewer    | Reached skill level 4 in Fighting
  7709 | Sewer    | Reached XP level 9. HP: 28/62 MP: 0/0
  7709 | Sewer    | Learned a level 4 spell: Passage of Golubria
  8143 | D:5      | Found a staircase to the Ecumenical Temple.
  8155 | Temple   | Entered the Ecumenical Temple
  8313 | Temple   | Became a worshipper of Ashenzari the Shackled
  8363 | D:5      | Reached skill level 5 in Fighting
  8363 | D:5      | Reached skill level 4 in Shields
  8622 | D:5      | Found a sacrificial altar of Ru.
  9172 | D:6      | Found an iron altar of Okawaru.
  9196 | D:6      | Reached skill level 6 in Fighting
  9473 | D:6      | Noticed Menkaure
  9477 | D:6      | Killed Menkaure
  9528 | D:6      | Found Zin's Purification Station.
  9535 | D:6      | Found a glowing silver altar of Zin.
  9711 | D:6      | Reached * piety under Ashenzari
 10043 | D:7      | Noticed a two-headed ogre
 10048 | D:7      | Reached skill level 1 in Maces & Flails
 10049 | D:7      | Reached skill level 2 in Maces & Flails
 10058 | D:6      | Killed a two-headed ogre
 10059 | D:6      | Reached skill level 4 in Maces & Flails
 10059 | D:6      | Reached skill level 1 in Evocations
 10059 | D:6      | Reached XP level 10. HP: 45/77 MP: 0/0
 10242 | D:7      | Reached skill level 2 in Evocations
 10302 | D:7      | Found Teiceil's CLEARANCE SALE! EVERYTHING MUST GO!.
 10311 | D:7      | Bought a +6 mace of distortion for 118 gold pieces
 10630 | D:7      | Reached skill level 3 in Evocations
 10772 | D:7      | Reached skill level 4 in Evocations
 11384 | D:8      | Reached skill level 7 in Fighting
 11384 | D:8      | Noticed Grum
 11391 | D:8      | Killed Grum
 11868 | D:8      | Found Effut's Book Shop.
 12311 | D:8      | Noticed a two-headed ogre
 12316 | D:8      | Killed a two-headed ogre
 12317 | D:8      | Reached skill level 8 in Fighting
 13277 | D:9      | Reached skill level 8 in Spellcasting
 13366 | D:9      | Reached XP level 11. HP: 51/85 MP: 0/0
 13366 | D:9      | Learned a level 4 spell: Sticky Flame
 13726 | D:9      | Reached skill level 1 in Armour
 13749 | D:9      | Reached skill level 2 in Armour
 14030 | D:9      | Reached skill level 3 in Armour
 14105 | D:9      | Found a blossoming altar of Fedhas.
 14260 | D:9      | Identified the +2 plate armour of Music {Str+5}
 14457 | D:10     | Entered Level 10 of the Dungeon
 14559 | D:10     | Reached skill level 4 in Armour
 15157 | D:10     | Reached skill level 5 in Armour
 15229 | D:10     | Reached ** piety under Ashenzari
 15541 | D:10     | Found a staircase to the Lair.
 15680 | Lair:1   | Entered Level 1 of the Lair of Beasts
 15753 | Lair:1   | Reached skill level 9 in Fighting
 15783 | Lair:1   | Reached skill level 9 in Spellcasting
 15796 | Lair:1   | Reached skill level 3 in Dodging
 15834 | Lair:1   | Reached skill level 4 in Dodging
 15872 | Lair:1   | Reached skill level 5 in Dodging
 15881 | Lair:1   | Reached skill level 6 in Dodging
 15882 | Lair:1   | Noticed a four-headed hydra
 15889 | Lair:1   | Killed a four-headed hydra
 15890 | Lair:1   | Reached skill level 5 in Maces & Flails
 15890 | Lair:1   | Reached XP level 12. HP: 56/95 MP: 0/0
 16003 | Lair:1   | Reached skill level 6 in Maces & Flails
 16074 | Lair:1   | Identified a scroll of acquirement
 16082 | Lair:1   | Acquired a staff of poison
 16374 | Lair:1   | Reached skill level 7 in Maces & Flails
 16664 | Lair:2   | Found a staircase to the Snake Pit.
 16712 | Lair:2   | Reached skill level 1 in Staves
 16807 | Lair:2   | Noticed Gastronok
 16810 | Lair:2   | Noticed Harold
 16814 | Lair:2   | Killed Gastronok
 16815 | Lair:2   | Reached skill level 8 in Maces & Flails
 16815 | Lair:2   | Reached skill level 2 in Staves
 16822 | Lair:2   | Reached skill level 3 in Staves
 16822 | Lair:2   | Killed Harold
 16900 | Lair:2   | Noticed Maggie
 16904 | Lair:2   | Killed Maggie
 16905 | Lair:2   | Reached skill level 4 in Staves
 17271 | Lair:3   | Noticed a catoblepas
 17278 | Lair:3   | Killed a catoblepas
 17279 | Lair:3   | Reached skill level 1 in Axes
 17279 | Lair:3   | Reached XP level 13. HP: 92/101 MP: 0/0
 17279 | Lair:3   | Learned a level 5 spell: Bolt of Magma
 17367 | Lair:3   | Reached skill level 2 in Axes
 17419 | Lair:3   | Noticed an eight-headed hydra
 17427 | Lair:3   | Killed an eight-headed hydra
 17428 | Lair:3   | Reached skill level 5 in Staves
 17825 | Lair:3   | Reached skill level 3 in Axes
 18018 | Lair:4   | Noticed Kirke
 18022 | Lair:4   | Reached skill level 4 in Axes
 18024 | Lair:4   | Killed Kirke
 18025 | Lair:4   | Reached skill level 5 in Axes
 18085 | Lair:4   | Reached *** piety under Ashenzari
 18113 | Lair:4   | Reached skill level 6 in Axes
 18352 | Lair:4   | Reached skill level 7 in Axes
 18392 | Lair:4   | Found a staircase to the Swamp.
 19070 | Lair:5   | Reached skill level 8 in Axes
 19270 | Lair:5   | Noticed a seven-headed hydra
 19280 | Lair:5   | Killed a seven-headed hydra
 19281 | Lair:5   | Reached XP level 14. HP: 98/108 MP: 0/0
 19359 | Lair:5   | Reached skill level 9 in Axes
 19670 | Lair:6   | Entered Level 6 of the Lair of Beasts
 19734 | Lair:6   | Found a runed translucent gate.
 19735 | Lair:6   | Found a runed translucent gate.
 19735 | Lair:6   | Found a runed translucent gate.
 19737 | Lair:6   | Noticed Vayczud's ghost (journeyman TrMo)
 19792 | Lair:6   | Reached skill level 10 in Axes
 19792 | Lair:6   | Identified the cursed +1 helmet "Pangnostic Anxiety" {Self,
                  | Fort} (You found it on level 5 of the Dungeon)
 20011 | Lair:6   | Identified the +5 lajatang "Eviscerator" {vamp, rC++ Dex+5}
 20036 | Lair:6   | Reached skill level 11 in Axes
 20137 | Lair:6   | Found a staircase to the Slime Pits.
 20137 | Lair:6   | Found a viscous altar of Jiyva.
 20533 | Lair:6   | Identified a potion of experience
 20604 | Lair:6   | Killed Vayczud's ghost
 20605 | Lair:6   | Reached skill level 12 in Axes
 20635 | Lair:6   | Reached skill level 10 in Fighting
 20635 | Lair:6   | Reached XP level 15. HP: 116/116 MP: 0/0
 20635 | Lair:6   | Learned a level 6 spell: Conjure Ball Lightning
 20749 | Lair:6   | Reached XP level 16. HP: 112/122 MP: 0/0
 20818 | Lair:6   | Reached skill level 10 in Spellcasting
 21149 | Lair:6   | Reached skill level 11 in Fighting
 21833 | D:11     | Acquired 672 gold pieces
 22429 | D:12     | Found a gateway to a bazaar.
 22445 | Bazaar   | Entered a bazaar
 22478 | Bazaar   | Found Xizogot's Jewellery Emporium.
 22478 | Bazaar   | Found Izywn's Jewellery Shoppe.
 22489 | Bazaar   | Bought the ring of the Crown {Wiz rElec rPois Int+8 Dex-5}
                  | for 327 gold pieces
 22489 | Bazaar   | Bought an amulet of regeneration for 180 gold pieces
 22516 | Bazaar   | Found Coacapi's Antique Weapon Emporium.
 22516 | Bazaar   | Found Xuimpick's Armour Shoppe.
 22538 | Bazaar   | Found Cun Rakka's Antique Weapon Shoppe.
 22776 | D:12     | Found a staircase to the Orcish Mines.
 22936 | D:12     | Found a runed translucent gate.
 22936 | D:12     | Found a runed translucent gate.
 22936 | D:12     | Found a runed translucent gate.
 22948 | D:12     | Noticed Synwij's ghost (journeyman DsFi)
 23177 | Orc:1    | Entered Level 1 of the Orcish Mines
 23442 | Orc:2    | Entered Level 2 of the Orcish Mines
 23533 | Orc:2    | Found a staircase to the Elven Halls.
 23782 | Orc:2    | Found Tel Maoss's Distillery.
 23811 | Orc:2    | Reached skill level 12 in Fighting
 23813 | Orc:2    | Reached skill level 11 in Spellcasting
 23888 | Orc:2    | Found Taibb's Assorted Antiques.
 23889 | Orc:2    | Found Duemuapp's Antique Armour Shop.
 23889 | Orc:2    | Found Idodemao's Weapon Shop.
 23899 | Orc:2    | Bought a pair of embroidered gloves for 150 gold pieces
 23917 | Orc:2    | Bought a potion of heal wounds for 80 gold pieces
 23917 | Orc:2    | Bought a potion of haste for 160 gold pieces
 23917 | Orc:2    | Bought a potion of heal wounds for 80 gold pieces
 24035 | Orc:2    | Found a runed translucent gate.
 24035 | Orc:2    | Found a runed translucent gate.
 24035 | Orc:2    | Found a runed translucent gate.
 24035 | Orc:2    | Found an iron altar of Okawaru.
 24035 | Orc:2    | Noticed atabob's ghost (journeyman DrCj)
 24036 | Orc:2    | Identified the +0 leather armour of the Eight Boll Weevils
                  | {rPois rF+}
 24311 | Orc:2    | Killed atabob's ghost
 24683 | D:13     | Noticed Maurice
 24687 | D:13     | Killed Maurice
 24877 | D:13     | Reached XP level 17. HP: 128/131 MP: 0/0
 24877 | D:13     | Learned a level 6 spell: Eringya's Noxious Bog
 24978 | D:13     | Noticed Rupert
 24984 | D:13     | Killed Rupert
 25682 | D:13     | Reached skill level 12 in Spellcasting
 26094 | D:13     | Reached skill level 6 in Armour
 26208 | D:14     | Noticed Frances
 26213 | D:14     | Killed Frances
 26214 | D:14     | Reached skill level 7 in Armour
 26581 | D:14     | Reached skill level 8 in Armour
 26670 | D:14     | Noticed Agnes
 26677 | D:14     | Killed Agnes
 26688 | D:14     | Reached skill level 9 in Armour
 26796 | D:14     | Found a gate to the Vaults.
 26884 | D:14     | Identified the +7 rapier "Wuedgh" {venom, +Blink rN+ Str-2}
 27215 | D:14     | Noticed Louise
 27220 | D:14     | Killed Louise
 27403 | D:15     | Entered Level 15 of the Dungeon
 27474 | D:15     | Reached skill level 10 in Armour
 27476 | D:15     | Identified the ring "Yjodog" {rN+ Int+4}
 27493 | D:15     | Reached skill level 6 in Staves
 27540 | D:15     | Noticed Azrael
 27565 | D:15     | Reached XP level 18. HP: 105/138 MP: 0/0
 27567 | D:15     | Killed Azrael
 27592 | D:15     | Found a frozen archway.
 27617 | IceCv    | Entered an ice cave
 27657 | IceCv    | Reached skill level 7 in Staves
 27808 | IceCv    | Identified the +3 pair of gloves of the End {Slay+2 SInv}
 27853 | IceCv    | Reached skill level 11 in Armour
 28003 | IceCv    | Noticed a lich
 28130 | IceCv    | Killed a lich
 28131 | IceCv    | Reached skill level 8 in Staves
 28139 | IceCv    | Identified the ring of Yqovur {Contam rN+ rCorr Int+6
                  | Stlth+}
 28216 | IceCv    | Identified the ring of Rilif {rC+ rN+ Will- Str+7 Int+2
                  | Dex-3}
 28429 | D:15     | Noticed Josephine
 28453 | D:15     | Killed Josephine
 28610 | D:15     | Identified the ring of Xyanneb {rF+ rN++ Will+ Int-3
                  | Slay+4}
 28684 | D:15     | Found a staircase to the Depths.
 29294 | Snake:1  | Entered Level 1 of the Snake Pit
 29334 | Snake:1  | Reached skill level 9 in Staves
 29334 | Snake:1  | Reached skill level 12 in Armour
 29334 | Snake:1  | Reached XP level 19. HP: 137/145 MP: 0/0
 29334 | Snake:1  | Learned a level 7 spell: Ozocubu's Refrigeration
 29738 | Snake:1  | Reached skill level 13 in Armour
 30021 | Snake:1  | Found Suyllet's Antique Armour Emporium.
 30043 | Snake:1  | Bought a runed helmet for 225 gold pieces
 30043 | Snake:1  | Bought a slimy cloak for 285 gold pieces
 30043 | Snake:1  | Identified the +1 cloak "Adilent" {rCorr Str+3 Dex+7} (You
                  | bought it in a shop on level 1 of the Snake Pit)
 30516 | Snake:2  | Found a flickering gateway to a bazaar.
 30543 | Bazaar   | Entered a bazaar
 30543 | Bazaar   | Found Fipp's Distillery.
 30543 | Bazaar   | Found Ymu Ruvvai's Armour Boutique.
 30543 | Bazaar   | Found Ykhos's Magic Scroll Boutique.
 30543 | Bazaar   | Found Bummua's Distillery.
 30566 | Bazaar   | Bought the -2 hat of the Alchemist {rElec rPois rF+ rC+ rN+
                  | Will+ rMut rCorr} for 424 gold pieces
 30566 | Bazaar   | Found the -2 hat of the Alchemist {rElec rPois rF+ rC+ rN+
                  | Will+ rMut rCorr}
 30568 | Bazaar   | Bought a scroll of summoning for 104 gold pieces
 30568 | Bazaar   | Bought a scroll of magic mapping for 38 gold pieces
 30570 | Bazaar   | Bought a potion of mutation for 96 gold pieces
 30570 | Bazaar   | Bought a potion of brilliance for 48 gold pieces
 30570 | Bazaar   | Bought a potion of haste for 120 gold pieces
 30570 | Bazaar   | Bought a potion of haste for 120 gold pieces
 30570 | Bazaar   | Bought a potion of mutation for 96 gold pieces
 30570 | Bazaar   | Bought a potion of haste for 120 gold pieces
 30735 | Snake:2  | Found Xaclurip's Jewellery Emporium.
 30834 | Snake:2  | Found Fyilany's General Store.
 30909 | Snake:2  | Found Amyomymm's Assorted Antiques.
 31085 | Snake:2  | Reached XP level 20. HP: 132/151 MP: 0/0
 31419 | Snake:2  | Reached skill level 13 in Spellcasting
 32442 | Snake:3  | Reached skill level 14 in Spellcasting
 32457 | Snake:3  | Noticed Mara
 32464 | Snake:3  | Killed Mara
 32743 | Snake:3  | Found Buiqoz's Mayhem Merchandise.
 32817 | Snake:4  | Entered Level 4 of the Snake Pit
 32820 | Snake:4  | Identified a +0 robe of the Archmagi
 32972 | Snake:4  | Reached skill level 15 in Spellcasting
 32977 | Snake:4  | Reached XP level 21. HP: 103/157 MP: 0/0
 32977 | Snake:4  | Learned a level 7 spell: Summon Hydra
 33719 | Snake:4  | Reached skill level 16 in Spellcasting
 33983 | Snake:4  | Got a serpentine rune of Zot
 34057 | Snake:4  | Found an opulent altar of Gozag.
 34170 | Snake:4  | Identified the +0 leather armour of the Pits of Slime
                  | {+Blink Will- Str+9}
 34181 | Snake:4  | Reached **** piety under Ashenzari
 34186 | Snake:4  | Identified the +10 double sword "Koskez" {vorpal, Dex+4}
 34609 | Snake:2  | Bought a condenser vane for 760 gold pieces
 34609 | Snake:2  | Bought a potion of brilliance for 76 gold pieces
 34709 | Swamp:1  | Entered Level 1 of the Swamp
 34893 | Swamp:1  | Noticed Roxanne
 34903 | Swamp:1  | Killed Roxanne
 35087 | Swamp:1  | Reached ***** piety under Ashenzari
 35112 | Swamp:1  | Reached skill level 13 in Fighting
 35418 | Swamp:2  | Reached skill level 14 in Armour
 35659 | Swamp:2  | Acquired 1045 gold pieces
 35861 | Swamp:3  | Identified the +1 leather armour of Pyro {rC+}
 35946 | Swamp:3  | Reached skill level 15 in Armour
 35977 | Swamp:3  | Identified the +2 leather armour of the Untouchables {rC+
                  | Int-5 Stlth+}
 35985 | Swamp:3  | Reached XP level 22. HP: 142/175 MP: 0/0
 36019 | Swamp:3  | Noticed Nikola
 36027 | Swamp:3  | Killed Nikola
 36239 | Swamp:3  | Noticed Bai Suzhen
 36247 | Swamp:3  | Killed Bai Suzhen
 36418 | Swamp:3  | Identified the +11 spear "Murmur" {venom, rElec rPois Int+7
                  | Dex-5}
 36548 | Swamp:4  | Entered Level 4 of the Swamp
 36701 | Swamp:4  | Reached skill level 16 in Armour
 36966 | Swamp:4  | Got a decaying rune of Zot
 36978 | Swamp:4  | Identified the ring "Cesahypp" {Will+ Dex+6}
 37554 | Vaults:1 | Entered Level 1 of the Vaults
 37561 | Vaults:1 | Found Baemynuu's Magic Scroll Shoppe.
 37566 | Vaults:1 | Reached skill level 7 in Dodging
 37581 | Vaults:1 | Bought a scroll of magic mapping for 66 gold pieces
 37581 | Vaults:1 | Bought a scroll of magic mapping for 66 gold pieces
 37627 | Vaults:1 | Reached skill level 8 in Dodging
 37918 | Vaults:1 | Reached skill level 9 in Dodging
 37932 | Vaults:1 | Noticed Asterion
 37935 | Vaults:1 | Killed Asterion
 38092 | Vaults:1 | Reached skill level 10 in Dodging
 38655 | Vaults:1 | Reached skill level 11 in Dodging
 38750 | Vaults:1 | Reached XP level 23. HP: 147/180 MP: 0/0
 38750 | Vaults:1 | Learned a level 7 spell: Storm Form
 38923 | Vaults:1 | Noticed Siol's ghost (adept OgEn)
 38931 | Vaults:1 | Found a runed translucent gate.
 38931 | Vaults:1 | Found a runed translucent gate.
 38931 | Vaults:1 | Found a runed translucent gate.
 39024 | Vaults:1 | Killed Siol's ghost
 39290 | Vaults:2 | Found Fogiam's Armour Boutique.
 39430 | Vaults:2 | Reached skill level 17 in Spellcasting
 40018 | Vaults:2 | Found a staircase to the Crypt.
 40054 | Vaults:2 | Found a transporter.
 40068 | Vaults:2 | Found a transporter.
 40072 | Vaults:2 | Identified the +0 helmet "Buatiut" {+Inv Regen+ Str+2
                  | Int-3}
 40129 | Vaults:2 | Identified the +3 trident of Integrity {vorpal, Drain rC++
                  | Dex+5}
 40689 | Vaults:2 | Reached skill level 18 in Spellcasting
 41198 | Vaults:3 | Found Caim's Armour Shop.
 41694 | Vaults:3 | Reached XP level 24. HP: 136/182 MP: 0/0
 41720 | Vaults:3 | Found a portal to a secret trove of treasure.
 41878 | Vaults:3 | You paid a toll of 4 potions of resistance to enter a
                  | treasure trove
 41879 | Trove    | Entered a treasure trove
 41882 | Trove    | Identified the +2 hat "Rinuv" {Will+ SInv}
 41882 | Trove    | Found the +2 cloak of the Thief {*Fog Slay-2 SInv Stlth+}
 41882 | Trove    | Identified the +2 helmet of Xudwewav {Contam +Inv rN++
                  | Int-2}
 41883 | Trove    | Identified the +0 scale mail "Ikorr" {rPois Str-5 Int+4}
 41884 | Trove    | Found the +2 hat of the Bear Spirit {Spirit, +Rage rN+
                  | Will++}
 41884 | Trove    | Identified the +1 ring mail of Catt {rN+++}
 41884 | Trove    | Identified the +0 helmet of Action {rF+ rN++ Str+2 Dex-3}
 42096 | Vaults:3 | Noticed Saint Roka
 42102 | Vaults:3 | Killed Saint Roka
 42560 | Vaults:4 | Found a magical portal.
 42572 | WizLab   | Entered The Hall of the Hellbinder
 42595 | WizLab   | Reached skill level 19 in Spellcasting
 42752 | WizLab   | Identified a +2 robe of the Archmagi
 42815 | WizLab   | Found a burning altar of Makhleb.
 42895 | WizLab   | Identified the +0 cloak "Uthei" {rF++ rN+}
 42896 | WizLab   | Identified the ring "Ebyuth" {Int+6 SInv}
 42896 | WizLab   | Identified the Guide on the Escort
 43147 | Vaults:4 | Acquired a manual of Unarmed Combat
 43171 | Vaults:4 | Found Nobycuda's Book Emporium.
 43427 | Vaults:4 | Noticed Sojobo
 43433 | Vaults:4 | Reached skill level 14 in Fighting
 43438 | Vaults:4 | Killed Sojobo
 44458 | Depths:1 | Entered Level 1 of the Depths
 44492 | Depths:1 | Reached skill level 15 in Fighting
 44492 | Depths:1 | Reached XP level 25. HP: 125/197 MP: 0/0
 44492 | Depths:1 | Learned a level 8 spell: Ignition
 45111 | Depths:1 | Found a one-way gate leading to the halls of Pandemonium.
 45147 | Depths:1 | Found a hide-covered altar of Uskayaw.
 45236 | Depths:1 | Found a one-way gate to the infinite horrors of the Abyss.
 45531 | Depths:1 | Found a gateway to Hell.
 45566 | Depths:1 | Reached skill level 16 in Fighting
 45728 | Depths:2 | Found a gateway to a ziggurat.
 46290 | Depths:2 | Reached skill level 17 in Fighting
 46708 | Depths:2 | Identified the +2 leather armour of Noon {rPois rC+ Int+2}
 47021 | Depths:3 | Reached skill level 18 in Fighting
 47028 | Depths:3 | You are cast into the Abyss!
 47028 | Depths:3 | Cast into level 3 of the Abyss (spriggan defender)
 47039 | Abyss:3  | Found a corrupted altar of Lugonu.
 47078 | Abyss:3  | Gained mutation: You do not regenerate when monsters are
                  | visible. [a neqoxec]
 47397 | Depths:3 | You pass through the gate.
 47397 | Depths:3 | Escaped the Abyss
 47415 | Depths:3 | Found a blossoming altar of Fedhas.
 47432 | Depths:2 | Lost mutation: You do not regenerate when monsters are
                  | visible. [potion of mutation]
 47432 | Depths:2 | Gained mutation: You are agile. (Dex +2) [potion of
                  | mutation]
 47729 | Depths:3 | Noticed a caustic shrike
 47735 | Depths:3 | Killed a caustic shrike
 47736 | Depths:3 | Reached XP level 26. HP: 178/214 MP: 0/0
 47852 | Depths:3 | Reached skill level 17 in Armour
 48181 | Depths:4 | Identified the +1 shadow dragon scales "Caosta Nenn" {rCorr
                  | Int+4 Slay-5 Stlth++++}
 48254 | Depths:4 | Found Nacuragg's Distillery.
 48254 | Depths:4 | Found Genneommey's Magic Scroll Shoppe.
 48277 | Depths:4 | Bought a scroll of enchant armour for 135 gold pieces
 48277 | Depths:4 | Bought a scroll of magic mapping for 63 gold pieces
 48277 | Depths:4 | Bought a scroll of enchant weapon for 135 gold pieces
 48277 | Depths:4 | Bought a scroll of magic mapping for 63 gold pieces
 48371 | Depths:4 | Bought a potion of mutation for 160 gold pieces
 48371 | Depths:4 | Bought 2 potions of heal wounds for 200 gold pieces
 48371 | Depths:4 | Bought a potion of haste for 200 gold pieces
 48371 | Depths:4 | Bought 2 potions of haste for 400 gold pieces
 48775 | Depths:4 | Paralysed by a great orb of eyes for 7 turns
 48979 | Depths:4 | Found a runed translucent door.
 49287 | Depths:5 | Entered Level 5 of the Depths
 49337 | Depths:5 | Acquired 616 gold pieces
 49390 | Depths:5 | Found a gate to the Realm of Zot.
 49523 | Depths:5 | Reached skill level 20 in Spellcasting
 49838 | Depths:5 | Found Uzxuunn's Book Shop.
 49839 | Depths:5 | Found Baigamu's Jewellery Emporium.
 49840 | Depths:5 | Found Nayneupp's Book Shop.
 49843 | Depths:5 | Reached XP level 27. HP: 212/221 MP: 0/0
 49843 | Depths:5 | Learned a level 9 spell: Shatter
 49852 | Depths:5 | Bought a manual of Dodging for 2000 gold pieces
 50390 | Vaults:5 | Entered Level 5 of the Vaults
 50391 | Vaults:5 | Noticed a dread lich
 50398 | Vaults:5 | Noticed a dread lich
 50398 | Vaults:5 | Paralysed by a dread lich for 5 turns
 50402 | Vaults:5 | Noticed a dread lich
 50403 | Vaults:5 | Killed a dread lich
 50404 | Vaults:5 | Reached skill level 21 in Spellcasting
 50445 | Vaults:5 | Noticed an ancient lich
 50454 | Vaults:5 | Reached skill level 19 in Fighting
 50458 | Vaults:5 | Killed an ancient lich
 50465 | Vaults:5 | Identified the +5 morningstar of Trauma {vorpal, Will++
                  | Str+4 Int-3}
 50735 | Vaults:5 | Noticed an ancient lich
 50756 | Vaults:5 | Killed an ancient lich
 50819 | Vaults:5 | Killed a dread lich
 50820 | Vaults:5 | Reached skill level 20 in Fighting
 51036 | Vaults:5 | Noticed a dread lich
 51037 | Vaults:5 | Killed a dread lich
 51039 | Vaults:5 | Reached skill level 21 in Fighting
 51039 | Vaults:5 | Killed a dread lich
 51040 | Vaults:5 | Reached skill level 5 in Evocations
 51063 | Vaults:4 | Reached skill level 6 in Evocations
 51248 | Vaults:5 | Found Som Gegg's Distillery.
 51260 | Vaults:5 | Bought a potion of heal wounds for 75 gold pieces
 51279 | Vaults:5 | Reached skill level 7 in Evocations
 51366 | Vaults:5 | Found Juscheuh's Weapon Shoppe.
 51367 | Vaults:5 | Reached skill level 8 in Evocations
 51483 | Vaults:5 | Reached skill level 9 in Evocations
 51514 | Vaults:5 | Found Fufydoat's Jewellery Boutique.
 51519 | Vaults:5 | Found Remut's Antique Armour Shoppe.
 51556 | Vaults:5 | Got a silver rune of Zot
 51750 | Vaults:5 | Found Jobicab's Distillery.
 51756 | Vaults:5 | Bought a potion of resistance for 160 gold pieces
 51756 | Vaults:5 | Bought 2 potions of heal wounds for 160 gold pieces
 51756 | Vaults:5 | Bought 2 potions of brilliance for 128 gold pieces
 52073 | Zig:1    | Entered Level 1 of a ziggurat
 52090 | Zig:2    | Entered Level 2 of a ziggurat
 52090 | Zig:2    | Identified the +5 ring mail of the Other World {rC- rN+++
                  | Int+4 Slay-2}
 52090 | Zig:2    | Identified the ring of Kevach {rPois rN+}
 52107 | Zig:3    | Entered Level 3 of a ziggurat
 52116 | Zig:3    | Reached skill level 10 in Evocations
 52196 | Zig:4    | Entered Level 4 of a ziggurat
 52198 | Zig:4    | Noticed a caustic shrike
 52205 | Zig:4    | Killed a caustic shrike
 52279 | Zig:5    | Entered Level 5 of a ziggurat
 52283 | Zig:5    | Identified the +5 arbalest of the Wizarding Hero {penet,
                  | Int+2}
 52293 | Zig:5    | Identified the +7 hunting sling of the Curious Wonders
                  | {venom, Str+3 SInv Stlth-}
 52308 | Zig:6    | Entered Level 6 of a ziggurat
 52314 | Zig:6    | Identified the +4 shortbow of Subjectivity {vorpal, rC+
                  | Str+5 Dex-4}
 52319 | Zig:6    | Reached skill level 11 in Evocations
 52356 | Zig:7    | Entered Level 7 of a ziggurat
 52361 | Zig:7    | Identified the ring "Ibed Voet" {rF+ rCorr Dex+6}
 52384 | Zig:8    | Entered Level 8 of a ziggurat
 52395 | Zig:8    | Reached skill level 12 in Evocations
 52399 | Zig:8    | Identified the +4 dagger of Law {speed, Str+3 Stlth+}
 52411 | Zig:9    | Entered Level 9 of a ziggurat
 52424 | Zig:9    | Identified the +6 lajatang "Mumu" {vorpal, Will+ Str+4
                  | Int+4}
 52469 | Zig:10   | Entered Level 10 of a ziggurat
 52469 | Zig:10   | Noticed a curse skull
 52470 | Zig:10   | Killed a curse skull
 52487 | Zig:10   | Reached skill level 13 in Evocations
 52564 | Zig:10   | Noticed a curse skull
 52564 | Zig:10   | Noticed a curse skull
 52565 | Zig:10   | Killed a curse skull
 52565 | Zig:10   | Killed a curse skull
 52618 | Zig:10   | Identified the ring "Dynomn" {rPois rF+ Str+8 Stlth-}
 52619 | Zig:10   | Identified the +11 spear "Dyladet" {drain, rCorr Dex+2}
 52620 | Zig:10   | Identified the +9 great sword of Bloody Death {spect, rPois
                  | rCorr}
 52647 | Zig:11   | Entered Level 11 of a ziggurat
 52660 | Zig:11   | Reached skill level 14 in Evocations
 52667 | Zig:11   | Identified the +6 leather armour of the Amoeba {Int+3}
 52716 | Zig:12   | Entered Level 12 of a ziggurat
 52784 | Zig:12   | Identified the +4 halberd of Demonic Fortitude {freeze,
                  | rPois Str+7}
 52785 | Zig:12   | Identified the Reference Book on Aerial Transmigration
 52786 | Zig:12   | Found the +7 great mace "Undeadhunter" {disrupt, rN+}
 52786 | Zig:12   | Identified the +3 plate armour of Greater Demons {Rampage
                  | Str+3}
 52787 | Zig:12   | Found the +9 scales of the Dragon King {rPois rF+ rC+
                  | Will+}
 52850 | Zig:13   | Entered Level 13 of a ziggurat
 52863 | Zig:13   | Noticed an orb of fire
 52864 | Zig:13   | Identified the +7 hunting sling of the Enchanted Forest
                  | {speed, rC++ Will- SInv}
 52865 | Zig:13   | Reached skill level 18 in Armour
 52871 | Zig:13   | Killed an orb of fire
 52879 | Zig:13   | Identified the +3 scale mail "Unnyulum" {rPois rC+++ Slay+3
                  | Stlth-}
 52879 | Zig:13   | Found the +10 dark maul {vorpal}
 52914 | Zig:14   | Entered Level 14 of a ziggurat
 52933 | Zig:14   | Reached skill level 19 in Armour
 53032 | Zig:14   | Found the +8 storm bow {elec, penet}
 53032 | Zig:14   | Identified the +2 morningstar of the Secret Xalams {speed,
                  | rElec}
 53033 | Zig:14   | Identified the Grimoire of Destructive Displacement
 53037 | Zig:14   | Identified the +4 mace "Mufejef" {vorpal, rC+ Int+4}
 53037 | Zig:14   | Identified the +8 flail "Coekite" {elec, rF+ SInv}
 53080 | Zig:15   | Entered Level 15 of a ziggurat
 53177 | Zig:15   | Found the +2 Maxwell's thermic engine {flame, freeze}
 53178 | Zig:15   | Identified the +0 robe of Howling Wind {rN+}
 53178 | Zig:15   | Identified the +8 scimitar "Gekiqe" {flame, rPois Will+
                  | Stlth+}
 53232 | Zig:16   | Entered Level 16 of a ziggurat
 53248 | Zig:16   | Noticed an ancient lich
 53250 | Zig:16   | Noticed a curse skull
 53251 | Zig:16   | Noticed a curse skull
 53252 | Zig:16   | Killed an ancient lich
 53253 | Zig:16   | Killed a curse skull
 53253 | Zig:16   | Killed a curse skull
 53318 | Zig:16   | Identified the ring "Ihotibb" {rElec rCorr Str+2 Dex+6}
 53319 | Zig:16   | Identified the +10 storm dragon scales "Koseer" {rElec
                  | rCorr Dex+4}
 53319 | Zig:16   | Identified the +2 longbow "Viwnajige" {speed, Str+5}
 53320 | Zig:16   | Identified the ring of Jaeceshu {Fire rN+ SInv Stlth-}
 53321 | Zig:16   | Identified Zifuz's Disquisition on the Nocuous Blaze
 53363 | Zig:17   | Entered Level 17 of a ziggurat
 53380 | Zig:17   | Identified Heal's Incunabulum of Harmful Stones
 53383 | Zig:17   | Reached skill level 22 in Spellcasting
 53463 | Zig:18   | Entered Level 18 of a ziggurat
 53559 | Zig:18   | Found the +4 dagger "Morg" {pain, Will+ Int+5}
 53682 | Zig:19   | Entered Level 19 of a ziggurat
 53700 | Zig:19   | Gained mutation: Armour fits poorly on your strangely
                  | shaped body. [a shining eye]
 53703 | Zig:19   | Reached skill level 23 in Spellcasting
 53722 | Zig:19   | Identified the ring of Ylaixagg {rF- rCorr Str+4 SInv}
 53723 | Zig:19   | Identified the Papyrus of Excruciating Summoning
 53725 | Zig:19   | Found the brooch of Shielding {Spirit SH+8}
 53725 | Zig:19   | Found the +7 great mace "Firestarter" {inner flame, rF++}
 53772 | Zig:19   | Reached skill level 20 in Armour
 53781 | Zig:20   | Entered Level 20 of a ziggurat
 53832 | Zig:20   | Identified the +9 great mace of Zeceum {vorpal, SInv}
 53832 | Zig:20   | Identified the Papyrus of the Manifold Emperors
 53832 | Zig:20   | Identified the +6 hand crossbow of the Valley {elec, Dex+4}
 53833 | Zig:20   | Identified the +10 lajatang of the Doomed Warrior {flame,
                  | Dex+3}
 53834 | Zig:20   | Identified a +1 crystal plate armour
 53835 | Zig:20   | Identified the +3 lajatang of the Tomato {venom, Int+4
                  | Dex+2}
 53862 | Zig:20   | Lost mutation: Armour fits poorly on your strangely shaped
                  | body. [potion of mutation]
 53862 | Zig:20   | Lost mutation: You are agile. (Dex +2) [potion of mutation]
 53862 | Zig:20   | Gained mutation: You are dopey. (Int -2) [potion of
                  | mutation]
 53862 | Zig:20   | Gained mutation: You are strong-willed. (Will+) [potion of
                  | mutation]
 53863 | Zig:20   | Lost mutation: You are strong-willed. (Will+) [potion of
                  | mutation]
 53863 | Zig:20   | Gained mutation: You expend health (3 HP) to strengthen
                  | your wands. [potion of mutation]
 53864 | Zig:20   | Lost mutation: You are dopey. (Int -2) [potion of mutation]
 53864 | Zig:20   | Lost mutation: You expend health (3 HP) to strengthen your
                  | wands. [potion of mutation]
 53864 | Zig:20   | Gained mutation: You possess an exceptional clarity of
                  | mind. [potion of mutation]
 53864 | Zig:20   | Gained mutation: You passively map a small area around you.
                  | [potion of mutation]
 53864 | Zig:20   | Gained mutation: Your muscles are strong. (Str +2) [potion
                  | of mutation]
 53909 | Zig:21   | Entered Level 21 of a ziggurat
 53918 | Zig:21   | Noticed a curse skull
 53919 | Zig:21   | Killed a curse skull
 53924 | Zig:21   | Noticed Fenir's ghost (legendary GnAE)
 53925 | Zig:21   | Noticed sleeves's ghost (legendary HuSk)
 53929 | Zig:21   | Noticed BoringLoser's ghost (veteran TeAE)
 53942 | Zig:21   | Killed BoringLoser's ghost
 53943 | Zig:21   | Killed Fenir's ghost
 53947 | Zig:21   | Killed sleeves's ghost
 53963 | Zig:21   | Noticed a curse skull
 53964 | Zig:21   | Noticed Fugi's ghost (legendary FoFi)
 53965 | Zig:21   | Noticed scarywalker64's ghost (legendary GrEE)
 53967 | Zig:21   | Killed a curse skull
 53967 | Zig:21   | Noticed Gucom's ghost (veteran GnFi)
 53967 | Zig:21   | Noticed Nenig's ghost (legendary GnFi)
 53969 | Zig:21   | Noticed a curse skull
 53972 | Zig:21   | Noticed a curse toe
 53975 | Zig:21   | Noticed Vuopse's ghost (legendary GnIE)
 53975 | Zig:21   | Noticed a curse toe
 53975 | Zig:21   | Noticed a curse toe
 53975 | Zig:21   | HP: 2/223 [Gucom's ghost/iron shot (42)]
 53975 | Zig:21   | Blown up by Nenig's ghost

Vanquished Creatures
  4 dread liches (Vaults:5)
  The ghost of Fenir the Acrobat, a legendary GnAE of Ashenzari (Zig:21)
  3 ancient liches
  The ghost of sleeves the Exorcist, a legendary HuSk of the Shining One (Zig:21)
  An orb of fire (Zig:13)
  Mara (Snake:3)
  Sojobo (Vaults:4)
  The ghost of BoringLoser the Acrobat, a veteran TeAE of Ru (Zig:21)
  Saint Roka (Vaults:3)
  Bai Suzhen (Swamp:3)
  2 caustic shrikes
  5 golden dragons
  Nikola (Swamp:3)
  The ghost of Siol the Slayer, an adept OgEn of Okawaru (Vaults:1)
  A Hellbinder (WizLab)
  3 Brimstone Fiends
  A bone dragon (Zig:15)
  A Hell Sentinel (Zig:4)
  2 deep elf blademasters (Zig:17)
  10 liches
  3 tentacled monstrosities
  Asterion (Vaults:1)
  3 deep elf master archers (Zig:17)
  3 quicksilver dragons
  2 starcursed masses (Zig:15)
  5 titans
  10 acid blobs
  Gastronok (Lair:2)
  Frances (D:14)
  8 shadow dragons
  5 sphinxes
  2 ancient champions
  Kirke (Lair:4)
  Agnes (D:14)
  7 tengu reavers
  4 thorn hunters
  4 azure jellies
  The ghost of atabob the Fighter, a journeyman DrCj of Vehumet (Orc:2)
  11 fire giants
  5 draconian monks
  5 rockslimes (Zig:19)
  6 storm dragons
  Roxanne (Swamp:1)
  A revenant (Zig:15)
  8 nagarajas
  20 vault wardens
  2 draconian scorchers (Zig:18)
  7 draconian knights (Zig:18)
  6 frost giants
  2 orc warlords
  7 balrugs
  2 iron dragons
  A cacodemon (Depths:1)
  5 ghost moths (Zig:20)
  7 curse skulls
  A black sun (Zig:21)
  2 draconian shifters (Zig:18)
  Louise (D:14)
  4 draconian stormcallers
  A ghoul (Vaults:2)
  4 draconian annihilators (Zig:18)
  A deep elf elementalist (Depths:3)
  A juggernaut skeleton (Zig:14)
  7 emperor scorpions
  3 juggernaut zombies
  21 ironbound preservers
  5 quicksilver oozes
  2 spriggan defenders (Depths:3)
  2 reapers (Zig:16)
  The ghost of Vayczud the Brawler, a journeyman TrMo of Makhleb (Lair:6)
  A blood saint (WizLab)
  12 very ugly things
  2 caustic shrike skeletons (Zig:14)
  2 bennus (Zig:3)
  6 deep elf demonologists
  16 stone giants
  7 vampire knights
  5 deep elf annihilators
  3 lorocyprocas (WizLab)
  Azrael (D:15)
  5 dire elephants
  4 purple draconians
  2 pale draconians (Depths:5)
  5 yellow draconians
  2 white draconians (Zig:18)
  5 black draconians
  3 bunyips
  5 red draconians
  12 entropy weavers
  8 spark wasps
  7 eleionomae
  A mummy priest (Zig:3)
  13 ettins
  2 deep elf death magi (Zig:16)
  A green death (WizLab)
  9 eidola
  2 blizzard demons (WizLab)
  Josephine (D:15)
  2 merfolk javelineers
  11 fire dragons
  3 merfolk impalers
  14 great orbs of eyes
  10 yaktaur captains
  7 deep elf high priests
  2 shambling mangroves (Swamp:4)
  17 hydras
  8 ironbound thunderhulks
  14 naga warriors
  6 spriggan air magi
  4 boulder beetles
  A hell beast (WizLab)
  2 rakshasas
  7 ice dragons
  A quicksilver dragon skeleton (Abyss:3)
  A ghost crab (Swamp:1)
  29 vault guards
  6 ironbound frosthearts
  13 salamander tyrants
  7 centaur warriors
  A merfolk avatar (Zig:2)
  Harold (Lair:2)
  3 caustic shrike simulacra (IceCv)
  19 anacondas
  A catoblepas (Lair:3)
  An ogre mage (Vaults:5)
  A catoblepas (shapeshifter) (Vaults:5)
  3 merfolk aquamancers (Zig:11)
  4 two-headed ogres
  4 dancing weapons
  A death knight (D:14)
  11 alligators
  9 death yaks
  8 deep troll shamans
  14 tengu warriors
  5 ironbound beastmasters
  A hell hog (Zig:15)
  4 deep troll earth magi
  4 orc high priests
  5 vampire magi
  5 thrashing horrors
  A spectral dire elephant (Lair:6)
  18 naga sharpshooters
  5 shock serpents
  3 spriggan berserkers
  A sun demon (WizLab)
  3 hell knights
  3 wretched stars
  4 skeletal warriors
  5 iron trolls
  11 spriggans
  2 deep elf knights (Zig:17)
  An iron golem (Zig:4)
  4 soul eaters
  3 sixfirhies
  A spatial maelstrom (Abyss:3)
  6 goliath frogs
  6 fire crabs (Zig:13)
  4 shadow wraiths (Zig:16)
  A spectral anaconda (Lair:6)
  12 swamp dragons
  2 spriggan druids (Swamp:3)
  6 salamander mystics
  3 sea snakes
  60 deep trolls
  6 glowing orange brains
  3 flayed ghosts
  2 death drakes
  12 naga ritualists
  3 bog bodies (IceCv)
  A golden dragon zombie (Zig:10)
  2 shadow demons
  13 wizards
  2 obsidian statues
  11 lindwurms
  14 ironbound convokers
  A gelid demonspawn (Depths:2)
  A golden dragon skeleton (Zig:14)
  9 orc knights
  9 necromancers
  5 deep elf archers
  A lindwurm (shapeshifter) (Vaults:3)
  9 deep elf pyromancers
  4 deep elf zephyrmancers (Zig:17)
  11 orb spiders
  12 phantasmal warriors
  A wolf spider (shapeshifter) (Depths:3)
  A wolf spider zombie (D:14)
  A tengu skeleton (Zig:14)
  11 harpies
  An iron dragon zombie (Zig:14)
  A shining eye (shapeshifter) (Vaults:5)
  5 cyclopes
  8 wolf spiders (Zig:20)
  2 sphinx zombies
  69 ugly things
  23 large abominations
  3 fauns (Zig:11)
  2 manticores
  7 orc sorcerers
  4 shining eyes (Zig:19)
  A sphinx skeleton (Zig:10)
  19 salamanders
  3 moths of wrath (Zig:20)
  26 mana vipers
  4 will-o-the-wisps
  A moth of wrath (shapeshifter) (Depths:4)
  2 fire giant skeletons
  4 rust devils
  19 elephants
  27 naga magi
  73 black mambas
  4 water nymphs (Zig:11)
  An iron dragon skeleton (Zig:14)
  Maurice (D:13)
  2 merfolk sirens (Zig:11)
  21 vault sentinels
  2 frost giant skeletons
  11 guardian serpents
  2 eyes of devastation
  3 smoke demons (WizLab)
  A titan simulacrum (Depths:1)
  A torpor snail (shapeshifter) (Depths:4)
  14 cane toads
  2 orange demons (WizLab)
  Maggie (Lair:2)
  2 torpor snails (Zig:7)
  A spriggan skeleton (Zig:14)
  A dire elephant skeleton (Lair:6)
  3 hellions
  A rime drake (Lair:4)
  An unseen horror (Depths:4)
  19 yaktaurs
  5 komodo dragons
  2 hellwings (WizLab)
  A rime drake (shapeshifter) (Zig:17)
  A yaktaur (shapeshifter) (D:13)
  A guardian mummy (Zig:3)
  4 efreet
  2 entropy weaver simulacra (IceCv)
  17 freezing wraiths
  3 anaconda simulacra (IceCv)
  5 demonic crawlers
  2 golden dragon simulacra (IceCv)
  4 red devils
  5 merfolk (Zig:11)
  2 ancient zymes (Zig:15)
  4 ice devils
  7 tengu conjurers
  5 tormentors
  A bloated husk (Swamp:2)
  8 trolls
  3 jumping spiders
  A wind drake (Zig:11)
  A human skeleton (Vaults:2)
  3 meliai (D:15)
  3 polar bears
  13 hornets
  A harpy skeleton (D:14)
  22 blink frogs
  Grinder (D:3)
  7 tyrant leeches
  4 raiju
  48 slime creatures
  4 dream sheep (Lair:6)
  4 snapping turtles (Zig:11)
  3 spectral elephants (Lair:6)
  2 air elementals
  Sigmund (D:3)
  2 elf skeletons
  6 flying skulls
  An ushabti (Zig:3)
  9 wraiths
  11 redbacks
  3 wyverns
  An ettin skeleton (Vaults:2)
  2 shadows
  6 hogs (Lair:4)
  29 yaks
  3 fire bats (Lair:1)
  8 tarantellas
  5 ynoxinuls
  2 elf zombies (Zig:14)
  4 fire elementals
  11 water elementals
  6 dire elephant simulacra
  A golden eye (Zig:19)
  4 basilisks
  3 steam dragons (Depths:5)
  Grum (D:8)
  22 vampire mosquitoes
  2 neqoxecs (Abyss:3)
  4 spectral cane toads (Lair:6)
  A minotaur simulacrum (IceCv)
  5 chaos spawn
  6 spatial vortices (Abyss:3)
  Edmund (D:4)
  14 swamp worms
  Menkaure (D:6)
  7 wargs
  2 harpy simulacra (IceCv)
  63 nagas
  5 acid dragons
  A human zombie (Vaults:3)
  9 hell hounds
  4 hydra simulacra (IceCv)
  23 water moccasins
  3 floating eyes
  6 swamp drakes
  2 alligator simulacra (IceCv)
  A black bear (D:5)
  A hornet zombie (D:8)
  20 orc warriors
  A necrophage (Zig:14)
  2 elephant zombies (Lair:6)
  An ettin simulacrum (Vaults:2)
  5 boggarts (D:15)
  8 ogres
  5 centaurs
  2 elephant skeletons (Lair:6)
  15 wolves
  4 kobold brigands
  A phantom (D:7)
  20 bullfrogs
  A gnoll sergeant (D:9)
  A wyvern zombie (D:6)
  4 scorpions
  An earth elemental (Zig:17)
  5 cane toad simulacra (Lair:6)
  A deep troll simulacrum (IceCv)
  A wyvern skeleton (D:7)
  6 small abominations
  An elephant simulacrum (Lair:6)
  4 killer bees (D:9)
  5 lindwurm simulacra (IceCv)
  A howler monkey (D:12)
  18 wights
  4 electric eels
  6 centaur zombies
  13 centaur skeletons
  2 human simulacra
  A jelly (D:5)
  12 orc priests
  2 gnoll shamans
  An iron imp (Abyss:3)
  3 iguanas
  Terence (D:2)
  25 orc wizards
  Ijyb (D:4)
  Natasha (thrice) (D:4)
  A killer bee zombie (D:8)
  A hound zombie (D:5)
  2 hound skeletons (D:4)
  A mummy (Zig:3)
  15 adders
  13 gnolls
  A howler monkey skeleton (D:5)
  A shadow imp (Abyss:3)
  3 white imps
  An adder skeleton (D:4)
  2 worms
  2 dart slugs
  69 orcs
  15 ball pythons
  4 bats
  16 endoplasms
  10 giant cockroaches
  9 goblins
  13 hobgoblins
  4 jackals
  16 quokkas
  4 frilled lizards
  22 kobolds
  7 rats
  3 butterflies (Lair:1)
2319 creatures vanquished.

Vanquished Creatures (collateral kills)
  A tentacled monstrosity (Depths:3)
  A lich (Depths:3)
  A quicksilver dragon (Depths:3)
  4 sphinxes
  A frost giant (Depths:2)
  A rockslime (Zig:12)
  A yaktaur captain (Vaults:2)
  A hydra (Lair:3)
  A naga sharpshooter (Snake:4)
  A deep troll shaman (Depths:3)
  2 black mambas (Snake:4)
  A guardian mummy (Vaults:3)
  A slime creature (Zig:12)
17 creatures vanquished.

Vanquished Creatures (others)
  Rupert (D:13)
  A black sun (Zig:21)
  A tyrant leech (Swamp:1)
  A slime creature (D:13)
  9 ball lightnings
  2 foxfires (Swamp:2)
  27 fungi
  41 plants
  19 withered plants (Lair:6)
102 creatures vanquished.

Grand Total: 2438 creatures vanquished

Table legend: (Time is in decaauts)
 A = Elapsed time spent in this place.
 B = Non-inter-level travel time spent in this place.
 C = Inter-level travel time spent in this place.
 D = Time resting spent in this place.
 E = Time spent auto-exploring this place.
 F = Levels seen in this place.
 G = Mean time per level.
                   A        B        C        D        E       F      G
               +--------+--------+--------+--------+--------+-----+--------+
         Total |  53883 |  50305 |   3578 |   5300 |  34284 |  70 |  769.8 |
       Dungeon |  20134 |  19029 |   1105 |   2183 |  14297 |  15 | 1342.3 |
        Temple |    202 |    164 |     38 |      0 |    153 |   1 |  202.0 |
          Lair |   6013 |   5462 |    551 |    323 |   3999 |   6 | 1002.2 |
         Swamp |   2635 |   2475 |    160 |     68 |   1965 |   4 |  658.8 |
     Snake Pit |   5226 |   5041 |    185 |    618 |   3370 |   4 | 1306.5 |
  Orcish Mines |   1488 |   1408 |     80 |    169 |    906 |   2 |  744.0 |
        Vaults |   8477 |   7347 |   1130 |    632 |   4856 |   5 | 1695.4 |
        Depths |   4984 |   4658 |    326 |    302 |   3292 |   5 |  996.8 |
         Abyss |    367 |    367 |      0 |     19 |    129 |   1 |  367.0 |
      Ziggurat |   1855 |   1855 |      0 |    438 |    247 |  21 |   88.3 |
        Bazaar |    149 |    149 |      0 |      0 |    110 |   2 |   74.5 |
         Trove |     44 |     44 |      0 |      0 |      0 |   1 |   44.0 |
         Sewer |   1242 |   1242 |      0 |    293 |    724 |   1 | 1242.0 |
      Ice Cave |    692 |    692 |      0 |    175 |    208 |   1 |  692.0 |
        Wizlab |    368 |    368 |      0 |     79 |     27 |   1 |  368.0 |
               +--------+--------+--------+--------+--------+-----+--------+

Top non-repeatable levels by time:
     D:3: 1946 daAuts
Vaults:1: 1939 daAuts
Vaults:3: 1901 daAuts
     D:8: 1824 daAuts
     D:4: 1785 daAuts
 Snake:4: 1746 daAuts
Vaults:2: 1729 daAuts
Vaults:4: 1703 daAuts
     D:1: 1677 daAuts
    D:14: 1670 daAuts
  Lair:6: 1661 daAuts
 Snake:2: 1636 daAuts
    D:13: 1400 daAuts
     D:9: 1336 daAuts
    D:10: 1316 daAuts

Table legend:
 A = Non-vault XP
 B = Vault XP
 C = Vault XP percentage of total XP
 D = Non-vault monster count
 E = Vault monster count
 F = Vault count percentage of total count
                 A         B        C        D         E       F
            +---------+---------+-------+---------+---------+-------
      Total |  981627 |  611169 |  38.4 |    1605 |     733 |  31.4
            +---------+---------+-------+---------+---------+-------
        D:1 |      44 |       0 |   0.0 |      24 |       0 |   0.0
        D:2 |      20 |      36 |  64.3 |      13 |       1 |   7.1
        D:3 |     258 |     499 |  65.9 |      28 |       2 |   6.7
        D:4 |     298 |     269 |  47.4 |      16 |       8 |  33.3
        D:5 |     653 |       4 |   0.6 |      16 |       2 |  11.1
        D:6 |    1128 |     169 |  13.0 |       8 |       1 |  11.1
        D:7 |    1030 |       0 |   0.0 |      21 |       0 |   0.0
        D:8 |    1511 |     512 |  25.3 |      18 |       4 |  18.2
        D:9 |    1974 |       0 |   0.0 |      37 |       0 |   0.0
       D:10 |    1498 |       0 |   0.0 |      13 |       0 |   0.0
       D:11 |    4867 |       0 |   0.0 |      19 |       0 |   0.0
       D:12 |    3026 |     213 |   6.6 |      14 |      17 |  54.8
       D:13 |    5667 |    4580 |  44.7 |      22 |       5 |  18.5
       D:14 |   10397 |   22161 |  68.1 |      19 |      34 |  64.2
       D:15 |    8617 |   16318 |  65.4 |      19 |      31 |  62.0
     Lair:1 |    9828 |       0 |   0.0 |      38 |       0 |   0.0
     Lair:2 |    2212 |    3665 |  62.4 |       9 |       3 |  25.0
     Lair:3 |    3884 |       0 |   0.0 |      12 |       0 |   0.0
     Lair:4 |    6954 |    4465 |  39.1 |      28 |      11 |  28.2
     Lair:5 |    9560 |       0 |   0.0 |      27 |       0 |   0.0
     Lair:6 |   11125 |   23651 |  68.0 |      44 |      49 |  52.7
    Swamp:1 |    6750 |    2336 |  25.7 |      19 |       4 |  17.4
    Swamp:2 |   16114 |       0 |   0.0 |      21 |       0 |   0.0
    Swamp:3 |   22525 |    7938 |  26.1 |      35 |       2 |   5.4
    Swamp:4 |   10968 |   19657 |  64.2 |      21 |      25 |  54.3
    Snake:1 |   15098 |    3422 |  18.5 |      34 |       9 |  20.9
    Snake:2 |   28569 |    1470 |   4.9 |      46 |       6 |  11.5
    Snake:3 |   35959 |    5400 |  13.1 |      73 |       1 |   1.4
    Snake:4 |   40630 |   25309 |  38.4 |      81 |      28 |  25.7
      Orc:1 |    1902 |       0 |   0.0 |      24 |       0 |   0.0
      Orc:2 |    2207 |   17650 |  88.9 |      27 |      34 |  55.7
   Vaults:1 |   26115 |   43904 |  62.7 |      37 |      42 |  53.2
   Vaults:2 |   18490 |   48641 |  72.5 |      25 |      48 |  65.8
   Vaults:3 |   18927 |   15960 |  45.7 |      32 |      25 |  43.9
   Vaults:4 |   33817 |   35832 |  51.4 |      43 |      34 |  44.2
   Vaults:5 |   10323 |  173232 |  94.4 |      18 |      94 |  83.9
   Depths:1 |   32946 |    2638 |   7.4 |      39 |       3 |   7.1
   Depths:2 |   35436 |    5299 |  13.0 |      42 |       7 |  14.3
   Depths:3 |   28961 |   46713 |  61.7 |      36 |      22 |  37.9
   Depths:4 |   27756 |    4671 |  14.4 |      27 |      15 |  35.7
   Depths:5 |   38615 |   23430 |  37.8 |      33 |      20 |  37.7
    Abyss:3 |    9346 |     985 |   9.5 |      22 |       6 |  21.4
      Zig:1 |    3578 |       0 |   0.0 |       1 |       0 |   0.0
      Zig:2 |    3922 |       0 |   0.0 |       5 |       0 |   0.0
      Zig:3 |    4449 |       0 |   0.0 |       6 |       0 |   0.0
      Zig:4 |    8159 |       0 |   0.0 |       3 |       0 |   0.0
      Zig:5 |    5862 |       0 |   0.0 |       7 |       0 |   0.0
      Zig:6 |    8435 |       0 |   0.0 |       6 |       0 |   0.0
      Zig:7 |    7381 |       0 |   0.0 |      12 |       0 |   0.0
      Zig:8 |   10707 |       0 |   0.0 |      14 |       0 |   0.0
      Zig:9 |   12067 |       0 |   0.0 |      18 |       0 |   0.0
     Zig:10 |   14701 |    5425 |  27.0 |      13 |       4 |  23.5
     Zig:11 |   14740 |       0 |   0.0 |      31 |       0 |   0.0
     Zig:12 |   20019 |       0 |   0.0 |      19 |       0 |   0.0
     Zig:13 |   32400 |       0 |   0.0 |      26 |       0 |   0.0
     Zig:14 |   20954 |       0 |   0.0 |      24 |       0 |   0.0
     Zig:15 |   23446 |       0 |   0.0 |      35 |       0 |   0.0
     Zig:16 |   46727 |       0 |   0.0 |      30 |       0 |   0.0
     Zig:17 |   39149 |       0 |   0.0 |      40 |       0 |   0.0
     Zig:18 |   46839 |       0 |   0.0 |      31 |       0 |   0.0
     Zig:19 |   41813 |       0 |   0.0 |      39 |       0 |   0.0
     Zig:20 |   44000 |       0 |   0.0 |      55 |       0 |   0.0
     Zig:21 |   26274 |       0 |   0.0 |      10 |       0 |   0.0
      Sewer |       0 |     380 | 100.0 |       0 |      52 | 100.0
      IceCv |       0 |   19425 | 100.0 |       0 |      51 | 100.0
     WizLab |       0 |   24910 | 100.0 |       0 |      33 | 100.0
            +---------+---------+-------+---------+---------+-------
